AoeStats
← Erick14mar

Arena

507414768Analyzed
2v2 RM · 15d ago on Sep 18, 2026· 22m 49s· 4 players
Game mode
Random Map
Map size
Medium (4 player)
Population
200
Speed
Normal
Resources
Standard
Victory
Conquest
Starting age
Dark Age
Ending age
Imperial Age
RankedLock teamsTeams togetherTeam positionsShared explorationLock speedFull tech treeHidden civsTurbo modeCheats
Victory
Defeat
🇺🇸 Japanese · United States
1199
+20
🇺🇸 Italians · United States
1185
+20
🇵🇪 Poles · Peru
1322
-21
🇺🇸 Bohemians · United States
1249
-19
Nijoru
10:07 Feudal Age
11:39 Double-Bit Axe
11:53 Loom
15:53 Fletching
23:00 Castle Age
21:11 Horse Collar
21:24 Gold Mining
JesusFreak
5:06 Loom
11:13 Feudal Age
11:19 Man-at-Arms
12:22 Arson
13:07 Forging
19:31 Castle Age
18:04 Gold Mining
18:26 Scale Mail Armor
19:35 Long Swordsman
21:11 Iron Casting
Classixx
11:39 Feudal Age
15:14 Castle Age
13:24 Double-Bit Axe
13:21 Horse Collar
18:14 Fervor
18:25 Loom
Erick14mar
5:50 Loom
8:34 Feudal Age
14:00 Fletching
16:09 Town Watch
20:21 Horse Collar
Connection lost

Rejoining the realm…

Still unreachable

The connection could not be restored.

Session expired

The server has moved on; the page needs a fresh start.